AoeStats
← miherest

Arabia

509637692Analyzed
1v1 RM · 6d ago on Sep 27, 2026· 54m 53s· 2 players
Game mode
Random Map
Map size
Tiny (2 player)
Population
200
Speed
Normal
Resources
Standard
Victory
Conquest
Starting age
Dark Age
Ending age
Imperial Age
RankedLock teamsTeams togetherTeam positionsShared explorationLock speedFull tech treeHidden civsTurbo modeCheats
Victory
Defeat
🇦🇷 Armenians · Argentina
951
+16
🇪🇸 Mongols · Spain
952
-16
elreydelage
8:35 Loom
10:33 Feudal Age
10:55 Man-at-Arms
12:32 Arson
12:55 Long Swordsman
21:07 Scale Mail Armor
24:15 Fletching
26:51 Double-Bit Axe
29:27 Castle Age
28:47 Gold Mining
30:50 Bow Saw
30:57 Two-Handed Swordsman
31:25 Gambesons
31:35 Town Watch
32:37 Squires
34:42 Horse Collar
34:55 Stone Mining
35:05 Elite Skirmisher
36:16 Bodkin Arrow
39:43 Gold Shaft Mining
39:10 Heavy Plow
43:15 Ballistics
48:00 Imperial Age
47:09 Wheelbarrow
50:49 Bracer
54:49 Chemistry
54:40 Padded Archer Armor
miherest
4:51 Loom
10:14 Feudal Age
20:42 Fletching
27:19 Castle Age
26:50 Double-Bit Axe
27:37 Town Watch
34:18 Bodkin Arrow
35:28 Padded Archer Armor
43:18 Ballistics
46:19 Horse Collar
50:30 Imperial Age
49:49 Leather Archer Armor
53:17 Chemistry
Connection lost

Rejoining the realm…

Still unreachable

The connection could not be restored.

Session expired

The server has moved on; the page needs a fresh start.